 Dungeon Crawl Stone Soup version 0.20.1-1-g8b1a95d (webtiles) character file.

56 keltmir the Slasher (level 3, -9/30 HPs)
             Began as a Ghoul Gladiator on Oct 27, 2017.
             Mangled by keltmir's ghost (16 damage)
             ... on level 3 of the Dungeon.
             The game lasted 00:05:43 (1394 turns).

keltmir the Slasher (Ghoul Gladiator)               Turns: 1394, Time: 00:05:44

Health: -9/30      AC:  4    Str: 18    XL:     3   Next: 97%
Magic:  2/2        EV: 12    Int:  3    God:
Gold:   109        SH:  0    Dex: 10    Spells: 2/2 levels left

rFire    . . .     SeeInvis .   a - +0 long sword
rCold    + . .     Gourm    .   (no shield)
rNeg     + + +     Faith    .   b - +0 leather armour
rPois    ∞         Spirit   .   c - +0 helmet
rElec    .         Reflect  .   (no cloak)
rCorr    .         Harm     .   (no gloves)
MR       .....                  (no boots)
Stlth    +.........             (no amulet)
Regen    0.0/turn               (no ring)
MPRegen  0.1/turn               (no ring)

@: rotting
A: rotting body, claws 1, carnivore 3, cold resistance 1, negative energy
resistance 3, inhibited regeneration, torment resistance, unbreathing
a: no special abilities


You were on level 3 of the Dungeon.
You were not hungry.

You visited 1 branch of the dungeon, and saw 3 of its levels.

You collected 109 gold pieces.

Inventory:

Hand Weapons
 a - a +0 long sword (weapon)
Missiles
 d - 3 throwing nets (quivered)
Armour
 b - a +0 leather armour (worn)
 c - a +0 helmet (worn)
Scrolls
 e - 2 scrolls of identify {unknown}
 g - a scroll of teleportation {unknown}
 h - a scroll of fog {unknown}
 k - 3 scrolls of immolation {unknown}
 n - a scroll of remove curse {unknown}
Potions
 i - a potion of lignification {unknown}
 j - a potion of haste {unknown}
 l - a potion of magic {unknown}
 m - 2 potions of flight {unknown}
 p - a potion of ambrosia {unknown}
Comestibles
 f - 4 meat rations
 o - a royal jelly


   Skills:
 + Level 2.9 Fighting
 * Level 3.5 Long Blades
 - Level 1.8 Throwing
 + Level 3.1 Dodging


You had 2 spell levels left.
You didn't know any spells.

Dungeon Overview and Level Annotations

Branches:
Dungeon (3/15)

Altars:

Annotations:
D:3 keltmir's ghost, amateur MiGl


Innate Abilities, Weirdness & Mutations

Your body is rotting away.
You thrive on raw meat.
You are immune to poison.
You have sharp fingernails.
You are carnivorous and can eat meat at any time.
Your flesh is cold resistant. (rC+)
You are immune to negative energy. (rN+++)
You do not regenerate when monsters are visible.
You are immune to unholy pain and torment.
You can survive without breathing.


Message History

Done exploring.
Done exploring.
There is a stone staircase leading down here.
You climb downwards.
Found an escape hatch in the floor.
There is a stone staircase leading up here.
Found a lumpy black potion.
Keltmir's ghost (amateur Minotaur Gladiator) comes into view.
Keltmir's ghost hits you. Keltmir's ghost hits you.
You closely miss keltmir's ghost. Keltmir's ghost hits you!
Ouch! That really hurt!
* * * LOW HITPOINT WARNING * * *
Keltmir's ghost barely misses you.
You riposte.
You hit keltmir's ghost but do no damage.
Keltmir's ghost whispers, "Soon you will have time, lots of time..."
Keltmir's ghost screams, "You will join me soon!"
Keltmir's ghost hits you!
Ouch! That really hurt!
You die...

#.#........
#####..........
.............
.>....#....####
...............
.....#.<..#
#.......#######.
#.......##......
...#....@...#
.#...###.W###
#.#. #..# ...#
#..#
#....###..####...
...............
....###........
..# ..!###... .
....# ..


You could see keltmir's ghost.

Vanquished Creatures
  2 adders (D:2)
  A worm (D:2)
  A dart slug (D:2)
  2 leopard geckos (D:2)
  A ball python (D:1)
  2 goblins
  5 hobgoblins
  4 jackals (D:2)
  A kobold (D:1)
  6 bats
  A frilled lizard (D:1)
  4 rats
30 creatures vanquished.

Notes
Turn   | Place    | Note
-------+----------+-------------------------------------------
     0 | D:1      | keltmir the Ghoul Gladiator began the quest for the Orb.
     0 | D:1      | Reached XP level 1. HP: 17/17 MP: 0/0
   131 | D:1      | Reached XP level 2. HP: 19/24 MP: 1/1
   705 | D:2      | Reached XP level 3. HP: 27/30 MP: 2/2
  1382 | D:3      | Noticed keltmir's ghost (amateur MiGl)
  1394 | D:3      | Mangled by keltmir's ghost

Skill      XL: |  1  2  3 |
---------------+----------+-----
Long Blades    | 3 |  3.5
Dodging        | 3 |  3.1
Fighting       | |  2.9
Throwing       | |  1.8

Action                   || total
-------------------------++-------
Melee: Long sword        ||    84
  Eat: Chunk             ||     6
Armor: Leather armour    ||    35
Dodge: Dodged            ||    92
       Rpst.: Long sword ||    29
